 Dungeon Crawl Stone Soup version 0.17.1-2-g5865329 (webtiles) character file.

296 xeno23 the Charmwright (level 6, -5/42 HPs)
             Began as a High Elf Skald on Jan 31, 2016.
             Slain by a gnoll
             ... wielding a +0 spear
              (6 damage)
             ... on level 3 of the Dungeon.
             The game lasted 00:14:00 (2547 turns).

xeno23 the Charmwright (High Elf Skald)             Turns: 2547, Time: 00:14:00

Health: -5/42      AC:  4    Str: 18    XL:     6   Next: 12%
Magic:  8/11       EV: 18    Int: 17    God:
Gold:   73         SH:  0    Dex: 19    Spells: 4 memorised, 2 levels left

rFire  . . .     SeeInvis .     a - +0 falchion
rCold  + . .     Clarity  .     b - +0 leather armour
rNeg   . . .     SustAt   .     (no shield)
rPois  .         Gourm    .     (no helmet)
rElec  .         Spirit   .     m - +0 cloak
rCorr  .         Warding  .     (no gloves)
rMut   .         Stasis   .     (no boots)
MR     .....                    (no amulet)
Stlth  ++........               (no ring)
                                e - ring of protection from cold

@: mighty, agile, lethally poisoned (-5 -> -7), not resistant to hostile
enchantments, unstealthy
A: no striking features
a: no special abilities


You were on level 3 of the Dungeon.
You were not hungry.

You visited 1 branch of the dungeon, and saw 3 of its levels.

You collected 73 gold pieces.

Inventory:

Hand Weapons
 a - a +0 falchion (weapon)
 f - a +0 spear
 x - a +0 spear of venom
Missiles
 k - 35 poisoned needles
Armour
 b - a +0 leather armour (worn)
 m - a +0 cloak (worn)
Jewellery
 e - a ring of protection from cold (left hand)
 j - an uncursed ring of stealth {unknown}
Wands
 u - a wand of fireball (5)
Scrolls
 g - 4 scrolls of identify {unknown}
 h - a scroll of remove curse {unknown}
 l - a scroll of random uselessness {unknown}
Potions
 p - a potion of brilliance {unknown}
 q - a potion of flight {unknown}
 r - a potion of agility
 s - a potion of curing {unknown}
 v - a potion of invisibility {unknown}
Books
 c - a book of Battle

   Spells                             Type                      Level
   a - Infusion                       Charms                       1
   b - Shroud of Golubria             Charms/Translocation         2
   c - Song of Slaying                Charms                       2
   d - Spectral Weapon                Hexes/Charms                 3
   e - Regeneration                   Charms/Necromancy            3
 o - a book of Frost

   Spells                             Type                      Level
   a - Freeze                         Ice                          1
   b - Throw Frost                    Conjuration/Ice              2
   c - Ozocubu's Armour               Charms/Ice                   3
   d - Throw Icicle                   Conjuration/Ice              4
   e - Summon Ice Beast               Ice/Summoning                4
   f - Condensation Shield            Ice                          4
Comestibles
 d - 3 bread rations
 i - a beef jerky
 t - a chunk of flesh
 w - a slice of pizza


   Skills:
 * Level 3.6 Fighting
 * Level 3.9 Long Blades
 + Level 1.6 Armour
 + Level 2.8 Dodging
 - Level 3.0 Spellcasting
 + Level 1.0 Hexes
 + Level 4.6 Charms
 + Level 1.2 Translocations


You had 2 spell levels left.
You knew the following spells:

 Your Spells              Type           Power        Failure   Level  Hunger
a - Infusion              Chrm           ###...       3%          1    None
d - Shroud of Golubria    Chrm/Tloc      ##........   12%         2    ##.....
e - Regeneration          Chrm/Necr      ##........   24%         3    ###....
s - Spectral Weapon       Hex/Chrm       ##......     21%         3    ###....


Dungeon Overview and Level Annotations

Branches:
Dungeon (3/15)

Altars:
Yredelemnul


Message History

You take 6 damage.
The jackal bites your spectral weapon. The jackal bites your spectral weapon.
Drink which item? (? for menu, Esc to quit)
It was a potion of agility.
You feel agile all of a sudden.
* * * LOW HITPOINT WARNING * * *
You feel sick.
The jackal closely misses your spectral weapon.
The jackal bites your spectral weapon.
Your spectral weapon shares its damage with you!
The gnoll completely misses you. The gnoll barely misses you.
You take 1 damage.
Drink which item? (? for menu, Esc to quit)
It was a potion of might.
You feel very mighty all of a sudden. The jackal bites your spectral weapon.
Your spectral weapon shares its damage with you!
The gnoll hits you from afar with a spear.
You die...

########...
#......#.# #...†....#
#......##############
#.......##[..........
#........'...........
#..h.gg###...........
#..(h..#.............
####@#.#.#...........
#.#...#...........
#.#####.†.........
#.# #........... #..
#........... ###
#+#...........
#..............
#..............
#........######


You could see 2 gnolls and 2 jackals.

Vanquished Creatures
  A human (D:2)
  2 gnolls (D:3)
  6 adders
  An ooze (D:2)
  2 worms (D:2)
  2 orcs (D:3)
  4 giant cockroaches
  7 hobgoblins
  7 jackals
  4 kobolds
  2 quokkas
  11 bats
  4 giant geckos
  10 giant newts
  8 goblins
  A kobold skeleton (D:2)
  9 rats
81 creatures vanquished.

Vanquished Creatures (others)
  A spectral weapon (D:3)
1 creature vanquished.

Grand Total: 82 creatures vanquished

Notes
Turn   | Place    | Note
--------------------------------------------------------------
     0 | D:1      | xeno23 the High Elf Skald began the quest for the Orb.
     0 | D:1      | Reached XP level 1. HP: 14/14 MP: 4/4
   162 | D:1      | Reached XP level 2. HP: 14/19 MP: 3/6
   411 | D:1      | Reached skill level 4 in Charms
   418 | D:1      | Learned a level 2 spell: Shroud of Golubria
   587 | D:1      | Reached skill level 1 in Armour
  1038 | D:2      | Reached XP level 3. HP: 22/24 MP: 0/8
  1043 | D:2      | Learned a level 3 spell: Spectral Weapon
  1253 | D:2      | Found a faded altar to an unknown god.
  1470 | D:2      | Reached XP level 4. HP: 27/30 MP: 9/9
  1492 | D:2      | Found a runed door.
  1492 | D:2      | Noticed a human
  1522 | D:2      | Found a basalt altar of Yredelemnul.
  1602 | D:2      | Learned a level 3 spell: Regeneration
  2176 | D:3      | Reached XP level 5. HP: 10/36 MP: 3/10
  2265 | D:2      | Killed a human
  2265 | D:2      | Reached skill level 1 in Hexes
  2265 | D:2      | Reached skill level 1 in Translocations
  2265 | D:2      | Reached XP level 6. HP: 17/42 MP: 4/11
  2542 | D:3      | HP: 1/42 [gnoll/spear (5)]
  2547 | D:3      | Slain by a gnoll

Action                   |  1- 3 |  4- 6 || total
-------------------------+-------+-------++-------
Melee: Falchion          |   153 |   143 ||   296
 Cast: Infusion          |    11 |     7 ||    18
       Shroud of Golubri |     2 |     5 ||     7
       Regeneration      |       |     6 ||     6
       Spectral Weapon   |       |     5 ||     5
  Use: Potion            |       |     2 ||     2
 Stab: Sleeping          |     1 |       ||     1
  Eat: Chunk             |     2 |     6 ||     8
